 Dungeon Crawl Stone Soup version 0.19-a0-1041-g82b1012 (webtiles) character file.

62 Musica the Sneak (level 3, -1/17 HPs)
             Began as a Felid Berserker on July 30, 2016.
             Was a Believer of Trog.
             Killed from afar by a white imp (8 damage)
             ... with a puff of frost
             ... summoned by Natasha
             ... on level 3 of the Dungeon.
             The game lasted 00:05:16 (2459 turns).

Musica the Sneak (Felid Berserker)                  Turns: 2459, Time: 00:05:17

Health: -1/17      AC:  1    Str: 13    XL:     3   Next: 85%
Magic:  4/4        EV: 19    Int:  8    God:    Trog [**....]
Gold:   83         SH:  0    Dex: 16    Spells: 0 memorised, 2 levels left
                                        Lives:  0   Deaths: 1

rFire  . . .     SeeInvis +       - Unarmed
rCold  . . .     Gourm    .     (armour unavailable)
rNeg   . . .     Faith    .     (shield unavailable)
rPois  .         Spirit   .     (helmet unavailable)
rElec  .         Dismiss  .     (cloak unavailable)
rCorr  .         Reflect  .     (gloves unavailable)
SustAt .         Harm     .     (boots unavailable)
MR     .....                    (no amulet)
Stlth  ++++......               (no ring)
                                (no ring)

@: quick, not resistant to hostile enchantments, stealthy
A: no armour, no weapons or thrown items, claws 1, fangs 3, see invisible,
carnivore 3, speed 1, shaggy fur 1, slow metabolism 1, sharp paws
a: Berserk, Trog's Hand, Burn Spellbooks, Renounce Religion


You were on level 3 of the Dungeon.
You worshipped Trog.
Trog was pleased with you.
You were not hungry.

You visited 1 branch of the dungeon, and saw 4 of its levels.

You collected 83 gold pieces.

Inventory:

Jewellery
 c - a +5 ring of intelligence
Scrolls
 b - a scroll of noise {unknown}
 e - a scroll of blinking {unknown}
 h - a scroll of enchant armour {unknown}
 i - 3 scrolls of remove curse {unknown}
 j - 3 scrolls of identify {unknown}
 m - a scroll of amnesia {unknown}
 n - 2 scrolls of magic mapping {unknown}
 q - a scroll of enchant weapon {unknown}
Potions
 d - 2 potions of brilliance {unknown}
 f - a potion of mutation {unknown}
 g - 2 potions of cure mutation {unknown}
 l - a potion of curing {unknown}
 o - a potion of agility {unknown}
Comestibles
 a - 2 meat rations
 k - 2 beef jerkies


   Skills:
 + Level 3.6 Fighting
 - Level 4.0 Dodging
 + Level 5.3 Stealth
 + Level 3.5 Unarmed Combat


You had 2 spell levels left.
You didn't know any spells.

Dungeon Overview and Level Annotations

Branches:
Dungeon (4/15)
 Temple: D:4-7

Altars:

Annotations:
D:3 Natasha, Robin


Innate Abilities, Weirdness & Mutations

You cannot wear armour.
You are incapable of wielding weapons or throwing items.
You have sharp claws.
You have razor-sharp teeth.
You have supernaturally acute eyesight. (SInv)
You are carnivorous and can eat meat at any time.
You cover ground quickly.
You are covered in fur. (AC +1)
You have a slow metabolism.
Your sharp claws are effective at attacking unaware monsters.


Message History

You claw the hobgoblin!
You kill the hobgoblin!
Trog accepts your kill. Robin throws the goblin at you!
You claw the goblin!
You kill the goblin!
Trog accepts your kill.
The gnoll hits you from afar with a halberd!
You die...
You are now level 3!
You rejoin the land of the living...
Natasha casts a spell.
You closely miss Natasha. Natasha claws you!
Ouch! That really hurt!
You barely miss Natasha.
Robin roars a battlecry!
The goblin goes into a battle-frenzy!
The white imp gestures at you. The puff of frost hits you!
You die...

#.##.....#.# #. #.##.......# ##
#.##.##.#### #......)#
#..g########..)## #....
...###.## #####...#####.###.#
...$.......5..##.#
........h@....#.#
...g.g..!....#.#
#..g..####.#.#.# #g### .
...#.... #†# .#######..#
#)###.# #.## #####.....# #.#
##...)....## ####.#### ####
##..)###...#####.......#####...


You could see Robin, Natasha, 2 gnolls, a white imp and a goblin.

Vanquished Creatures
  A gnoll (D:3)
  5 adders
  An ooze (D:2)
  2 dart slugs
  2 giant geckos (D:1)
  3 giant cockroaches
  10 hobgoblins
  4 kobolds
  2 quokkas
  3 bats
  4 giant newts
  13 goblins
  10 rats
60 creatures vanquished.

Notes
Turn   | Place    | Note
-------+----------+-------------------------------------------
     0 | D:1      | Musica the Felid Berserker began the quest for the Orb.
     0 | D:1      | Reached XP level 1. HP: 10/10 MP: 2/2
   152 | D:1      | Reached XP level 2. HP: 3/14 MP: 3/3
   573 | D:1      | Reached skill level 1 in Stealth
   988 | D:1      | Reached XP level 3. HP: 17/17 MP: 4/4
  1058 | D:2      | Reached skill level 2 in Stealth
  1146 | D:2      | Reached ** piety under Trog
  1195 | D:2      | Reached skill level 3 in Stealth
  1298 | D:2      | Found a faded altar of an unknown god.
  1991 | D:3      | Reached skill level 4 in Stealth
  1991 | D:3      | Reached XP level 4. HP: 21/21 MP: 5/5
  2414 | D:3      | Noticed Robin
  2437 | D:3      | Noticed Natasha
  2440 | D:3      | Reached skill level 5 in Stealth
  2453 | D:3      | Mangled by a gnoll
  2454 | D:3      | Reached XP level 3. HP: -7/25 MP: 4/4
  2459 | D:3      | Killed from afar by a white imp

Vault maps used:
D:1:      minmay_arrival_open_corners
D:2:      ecumenical_altar_2, kennysheep_boxes
D:3:      uniq_sigmund, uniq_natasha, uniq_robin
D:4:      uniq_pikel

Skill      XL: |  1  2  3  4 |
---------------+-------------+-----
Stealth        | 1 4 5 |  5.3
Fighting       | |  3.6
Dodging        | |  4.0
Unarmed Combat | |  3.5

Action                   |  1- 3 |  4- 6 || total
-------------------------+-------+-------++-------
Melee: Unarmed           |    95 |    42 ||   137
       Bite              |     6 |     3 ||     9
       Punch             |     1 |     1 ||     2
Invok: Berserk           |     1 |     2 ||     3
       Trog's Hand       |       |     1 ||     1
 Stab: Sleeping          |    14 |     2 ||    16
       Distracted        |     1 |     1 ||     2
  Eat: Chunk             |     9 |     3 ||    12
Armor: Skin              |     2 |       ||     2
Dodge: Dodged            |    63 |    32 ||    95
